AoeStats
← [LMB] Vortex

Arabia

508984416Analyzed
1v1 RM · 9d ago on Sep 24, 2026· 34m 45s· 2 players
Game mode
Random Map
Map size
Tiny (2 player)
Population
200
Speed
Normal
Resources
Standard
Victory
Conquest
Starting age
Dark Age
Ending age
Imperial Age
RankedLock teamsTeams togetherTeam positionsShared explorationLock speedFull tech treeHidden civsTurbo modeCheats
Victory
Defeat
🇲🇽 Ethiopians · Mexico
1278
+17
🇲🇽 Mongols · Mexico
1298
-17
[LMB] Vortex
6:33 Loom
8:37 Feudal Age
9:10 Double-Bit Axe
15:11 Fletching
23:33 Castle Age
22:08 Horse Collar
22:57 Padded Archer Armor
23:00 Gold Mining
23:38 Crossbowman
24:15 Bodkin Arrow
25:06 Scale Barding Armor
28:47 Forging
29:44 Town Watch
31:12 Chain Barding Armor
33:52 Iron Casting
34:10 Wheelbarrow
rayhk36
6:35 Loom
8:58 Feudal Age
11:13 Horse Collar
11:20 Double-Bit Axe
14:53 Fletching
24:13 Castle Age
24:54 Bloodlines
25:10 Forging
25:08 Scale Barding Armor
25:30 Husbandry
Connection lost

Rejoining the realm…

Still unreachable

The connection could not be restored.

Session expired

The server has moved on; the page needs a fresh start.